 Dungeon Crawl Stone Soup version 0.18.1-48-g4cf74bf (webtiles) character file.

1251 Joat the Sneak (level 8, -2/49 HPs)
             Began as an Octopode Ice Elementalist on Aug 27, 2016.
             Was a Follower of Sif Muna.
             Slain by a purple ugly thing (13 damage)
             ... on level 6 of the Dungeon.
             The game lasted 00:42:26 (7382 turns).

Joat the Sneak (Octopode Ice Elementalist)          Turns: 7382, Time: 00:42:26

Health: -2/49      AC:  1    Str:  6 (8)  XL:     8   Next: 51%
Magic:  7/13       EV: 14    Int: 14 (15) God:    Sif Muna [*.....]
Gold:   318        SH:  0    Dex: 13 (16) Spells: 3 memorised, 5 levels left

rFire  + . .     SeeInvis .     e - +2 dagger (venom)
rCold  . . .     Gourm    .     (no shield)
rNeg   . . .     Faith    .     (helmet restricted)
rPois  +         Spirit   .     (no amulet)
rElec  .         Dismiss  .     n - ring of poison resistance
rCorr  .         Reflect  .     t - ring of protection from magic
SustAt .         Harm     .     (no ring)
MR     +....                    (no ring)
Stlth  ++++......               (no ring)
                                (no ring)
                                (no ring)
                                (no ring)

@: somewhat resistant to hostile enchantments, stealthy
A: almost no armour, amphibious, 8 rings, constrict 8, camouflage 1, agile 1,
dopey 1, fire resistance 1, frail 1, gelatinous body 1
a: Channel Energy, Renounce Religion


You were on level 6 of the Dungeon.
You worshipped Sif Muna.
Sif Muna was aware of your devotion.
You were not hungry.

You visited 1 branch of the dungeon, and saw 6 of its levels.

You collected 318 gold pieces.

Inventory:

Hand Weapons
 e - a +2 dagger of venom (weapon)
Missiles
 k - 3 javelins (quivered)
Jewellery
 j - an uncursed ring of fire
 n - a ring of poison resistance (left tentacle)
 t - a ring of protection from magic (right tentacle)
Wands
 v - a wand of flame (30/48)
 w - a wand of polymorph (10/24)
Scrolls
 c - a scroll of teleportation
 d - a scroll of amnesia
 f - 3 scrolls of fear
 i - 5 scrolls of identify
 o - a scroll of remove curse
 p - 2 scrolls of enchant weapon
Potions
 g - a potion of flight
 l - a potion of might {unknown}
 m - a potion of curing
 q - a potion of degeneration
Books
 a - a book of Frost

   Spells                             Type                      Level
   a - Freeze                         Ice                          1
   b - Throw Frost                    Conjuration/Ice              2
   c - Ozocubu's Armour               Charms/Ice                   3
   d - Throw Icicle                   Conjuration/Ice              4
   e - Summon Ice Beast               Ice/Summoning                4
Comestibles
 b - 4 bread rations
 r - a slice of pizza


   Skills:
 + Level 5.2 Fighting
 + Level 5.2 Dodging
 - Level 5.3 Stealth
 + Level 3.4 Spellcasting
   Level 1.0 Conjurations
 + Level 3.8 Charms
 + Level 1.8 Summonings
 + Level 3.5 Ice Magic


You had 5 spell levels left.
You knew the following spells:

 Your Spells              Type           Power        Failure   Level  Hunger
a - Freeze                Ice            ##..         6%          1    #......
q - Ozocubu's Armour      Chrm/Ice       ##......     14%         3    ###....
w - Summon Ice Beast      Ice/Summ       #.......     71%         4    #####..


Dungeon Overview and Level Annotations

Branches:
Dungeon (6/15)             Temple (0/1) D:4

Altars:
Kikubaaqudgha
Makhleb
Nemelex Xobeh
Sif Muna
Trog
Vehumet
The Shining One

Annotations:
D:4 Inkary's ghost, amateur HOFi
D:6 Scuka's ghost, novice MfTm


Innate Abilities, Weirdness & Mutations

You cannot wear most types of armour.
You are amphibious.
You can wear up to eight rings at the same time.
You can use your tentacles to constrict eight enemies at once.
Your skin changes colour to match your surroundings (Stealth).
Your rubbery body absorbs attacks (AC +1).
You are agile. (Dex +2)
You are dopey. (Int -2)
Your flesh is heat resistant.
You are frail (-10% HP).


Message History

You barely miss the purple ugly thing. Your grab misses the purple ugly thing.
The purple ugly thing is lightly wounded.
The purple ugly thing stings you!
You hit the purple ugly thing but do no damage.
The purple ugly thing looks even sicker.
Your grab misses the purple ugly thing.
You squeeze the purple ugly thing, but do no damage.
The purple ugly thing is lightly wounded.
The purple ugly thing stings you but does no damage.
You hit the purple ugly thing.
The purple ugly thing looks even sicker.
You grab the purple ugly thing.
The purple ugly thing is lightly wounded.
You constrict the purple ugly thing. The purple ugly thing stings you!
* * * LOW HITPOINT WARNING * * *
You release your grip on the purple ugly thing.
The purple ugly thing misses you.
There is a stone staircase leading up here.
The purple ugly thing stings you!
You die...

####.#.....# #..
#.†..#####.# #.. #.####
#.# #.. #.# #.# #.. #.#
#.# ##.. #(# #.# #...
#.# ##<# #... #.# #u.#
#... #.#
#@################ #(#
#.##...........#
#.#######.##.#########.#
#.............# #.#
#########.....# #.#
#####.########.###
.............
#############


You could see a purple ugly thing.

Vanquished Creatures
  Sigmund (D:5)
  A sky beast (D:5)
  An eye of draining (D:6)
  A centaur (D:6)
  A centaur zombie (D:4)
  An orc priest (D:4)
  A hound (D:4)
  4 orc wizards
  4 giant frog zombies
  A centaur skeleton (D:4)
  3 hell rats (D:5)
  2 worker ants (D:6)
  2 hound zombies (D:4)
  2 hound skeletons (D:4)
  A howler monkey zombie (D:4)
  A worker ant zombie (D:4)
  3 gnolls (D:2)
  6 adders
  3 river rats (D:5)
  An ooze (D:1)
  3 adder skeletons (D:4)
  2 worms
  A dart slug (D:2)
  A giant gecko (D:6)
  22 orcs
  3 ball pythons
  8 bats
  3 giant cockroaches
  16 goblins
  5 hobgoblins
  11 jackals
  A quokka (D:3)
  4 giant cockroach zombies
  2 giant gecko zombies
  5 giant newts
  A jackal zombie (D:4)
  7 kobolds
  A quokka skeleton (D:4)
  2 quokka zombies (D:4)
  33 rats
  A bush (D:6)
172 creatures vanquished.

Vanquished Creatures (others)
  A human (D:4)
  A dart slug (D:3)
  4 orcs (D:3)
6 creatures vanquished.

Grand Total: 178 creatures vanquished

Notes
Turn   | Place    | Note
--------------------------------------------------------------
     0 | D:1      | Joat the Octopode Ice Elementalist began the quest for the Orb.
     0 | D:1      | Reached XP level 1. HP: 11/11 MP: 3/3
   112 | D:1      | Reached skill level 1 in Fighting
   274 | D:1      | Reached XP level 2. HP: 18/18 MP: 5/5
   788 | D:2      | Found a bloodstained altar of Trog.
   851 | D:2      | Reached XP level 3. HP: 19/24 MP: 6/6
  1409 | D:2      | Found a glowing golden altar of the Shining One.
  1755 | D:2      | Found a radiant altar of Vehumet.
  1755 | D:2      | Found an ancient bone altar of Kikubaaqudgha.
  1756 | D:2      | Found a deep blue altar of Sif Muna.
  1780 | D:2      | Reached XP level 4. HP: 29/29 MP: 7/7
  2079 | D:2      | Identified Kikubaaqudgha's Reference Book on Darkness
  2089 | D:2      | Became a worshipper of Sif Muna the Loreminder
  2095 | D:2      | Learned a level 3 spell: Ozocubu's Armour
  2373 | D:3      | Reached XP level 5. HP: 28/36 MP: 8/8
  2444 | D:3      | Reached skill level 1 in Charms
  2925 | D:3      | Found a sparkling altar of Nemelex Xobeh.
  3005 | D:4      | Found a staircase to the Ecumenical Temple.
  3026 | D:4      | Found a burning altar of Makhleb.
  3074 | D:4      | Reached skill level 5 in Stealth
  3074 | D:4      | Reached XP level 6. HP: 34/42 MP: 9/9
  3076 | D:4      | Noticed a phantom
  3385 | D:4      | Gained mutation: You are agile. (Dex +2) [potion of beneficial mutation]
  3386 | D:4      | Gained mutation: Your flesh is heat resistant. [potion of mutation]
  3386 | D:4      | Gained mutation: You are dopey. (Int -2) [potion of mutation]
  3386 | D:4      | Gained mutation: You are frail (-10% HP). [potion of mutation]
  4161 | D:4      | Found an ancient bone altar of Kikubaaqudgha.
  4250 | D:4      | Noticed Inkary's ghost (amateur HOFi)
  4278 | D:4      | Reached XP level 7. HP: 12/42 MP: 10/10
  4817 | D:4      | Noticed a human
  4819 | D:4      | Killed a human
  4875 | D:4      | Learned a level 4 spell: Summon Ice Beast
  4900 | D:5      | Entered Level 5 of the Dungeon
  5568 | D:5      | Noticed Sigmund
  5653 | D:5      | Killed Sigmund
  5985 | D:5      | Reached XP level 8. HP: 38/48 MP: 1/12
  6248 | D:5      | Reached * piety under Sif Muna
  6377 | D:5      | Reached skill level 5 in Dodging
  6818 | D:6      | Noticed Scuka's ghost (novice MfTm)
  6875 | D:6      | Reached skill level 1 in Summonings
  6961 | D:6      | Reached skill level 5 in Fighting
  7325 | D:6      | Noticed a purple ugly thing
  7382 | D:6      | Slain by a purple ugly thing

Skill      XL: |  1  2  3  4  5  6  7  8 |
---------------+-------------------------+-----
Fighting       | 1 2 3 4 5 |  5.2
Stealth        | 3 4 5 |  5.3
Dodging        | 3 4 5 |  5.2
Charms         | 1 2 3 |  3.8
Spellcasting   | 3 |  3.4
Summonings     | 1 |  1.8
Conjurations   | |  1.0
Ice Magic      | |  3.5

Action                   |  1- 3 |  4- 6 |  7- 9 || total
-------------------------+-------+-------+-------++-------
Melee: Dagger            |    59 |   133 |   209 ||   401
       Constrict         |    12 |    39 |    40 ||    91
       Tentacles         |     8 |    34 |    38 ||    80
Throw: Javelin           |       |       |     2 ||     2
 Cast: Freeze            |       |     8 |     9 ||    17
       Ozocubu's Armour  |       |     1 |     8 ||     9
  Use: Potion            |     1 |     5 |     4 ||    10
       Scroll            |       |     8 |     1 ||     9
 Stab: Sleeping          |     9 |     8 |    10 ||    27
       Distracted        |       |     1 |     2 ||     3
       Invisible         |       |     1 |       ||     1
  Eat: Chunk             |     1 |    10 |     7 ||    18
       Meat ration       |       |       |     1 ||     1
Armor: Skin              |     3 |     5 |    18 ||    26
Dodge: Dodged            |    33 |    78 |   116 ||   227
